 Dungeon Crawl Stone Soup version 0.31-a0-246-g8cbcc1cb85 (webtiles) character file.

Game seed: 14685161313280277365

367 qw the Trooper (level 6, 0/56 HPs)
             Began as a Minotaur Hexslinger on July 12, 2023.
             Slain by Sigmund
             ... wielding a +0 scythe
              (3 damage)
             ... on level 4 of the Dungeon.
             The game lasted 00:01:01 (2654 turns).

qw the Trooper (Minotaur Hexslinger)                Turns: 2654, Time: 00:01:01

Health: 0/56       AC: 14    Str: 18    XL:     6   Next: 41%
Magic:  6/6        EV: 11    Int: 10    God:
Gold:   244        SH:  0    Dex: 15    Spells: 6/7 levels left

rFire   . . .        i - +1 sling (heavy)
rCold   . . .        (no shield)
rNeg    . . .        l - +0 ring mail
rPois   .            n - +2 hat
rElec   .            (no cloak)
rCorr   .            f - +2 pair of gloves
SInv    .            (no boots)
Will    .....        (no amulet)
Stlth   +            m - +6 ring of strength
HPRegen 0.29/turn    t - +4 ring of protection
MPRegen 0.10/turn

%: no passive effects
@: no status effects
A: horns 2, retaliatory headbutt
a: no special abilities


You were on level 4 of the Dungeon.
You visited 1 branch of the dungeon, and saw 4 of its levels.

You collected 244 gold pieces.


Innate Abilities, Weirdness & Mutations

You have a pair of horns on your head.
You reflexively headbutt those who attack you in melee.


   Skills:
 - Level 5.4 Fighting
 + Level 5.4 Ranged Weapons
 - Level 1.4 Armour
 - Level 2.1 Dodging
 - Level 1.0 Spellcasting
 - Level 2.0 Hexes


You had 6 spell levels left.
You knew the following spells:

 Your Spells              Type           Power      Damage    Failure   Level
a - Slow                  Hex            16%        N/A       26%         1

Your spell library contained the following spells:

 Spells                   Type           Power      Damage    Failure   Level
 Inner Flame              Hex/Fire       2%         N/A       77%         3
 Portal Projectile        Hex/Tloc       4%         N/A       77%         3
 Cause Fear               Hex            2%         N/A       95%         4

Inventory:

Hand Weapons
 i - a +1 heavy sling (weapon)
Armour
 f - a +2 pair of gloves (worn)
 l - a +0 ring mail (worn)
 n - a +2 hat (worn)
Jewellery
 j - a ring of ice
 m - a +6 ring of strength (left hand)
 t - a +4 ring of protection (right hand)
 v - a +6 ring of intelligence
 w - an amulet of regeneration
Wands
 c - a wand of digging (4)
Scrolls
 g - a scroll of butterflies {unknown}
 p - a scroll of torment {unknown}
 x - a scroll of blinking {unknown}
 y - a scroll of fog {unknown}
Potions
 a - a potion of attraction {unknown}
 b - a potion of curing
 d - a potion of invisibility {unknown}
 e - a potion of mutation {unknown}
 h - a potion of heal wounds
 k - a potion of ambrosia {unknown}
 o - a potion of enlightenment {unknown}
 q - a potion of cancellation {unknown}
 r - a potion of haste {unknown}
 s - a potion of brilliance {unknown}
 u - a potion of resistance {unknown}

Dungeon Overview and Level Annotations

Branches:
Dungeon (4/15)
 Temple: D:4-7

Altars:
Trog

Shops:
D:1 =

Annotations:
D:4 3 runed translucent doors, Sigmund; qw's ghost, amateur MiHs


Message History

Something hits you. Something hits you but does no damage.
You shoot a sling bullet. Something hits you.
You shoot a sling bullet. Something hits you.
You hear some strange, mumbled words.
Something tries to affect you, but you resist.
Something hits you.
You shoot a sling bullet. Something hits you.
You shoot a sling bullet. Something hits you.
You hear some strange, mumbled words.
A puff of flame appears from out of thin air!
The puff of flame hits you. Something hits you but does no damage.
You shoot a sling bullet.
You hear some strange, mumbled words.
A puff of flame appears from out of thin air!
The puff of flame hits you! Something hits you.
You shoot a sling bullet. Something hits you but does no damage.
Something hits you.
You shoot a sling bullet.
You hear some strange, mumbled words.
A puff of flame appears from out of thin air!
The puff of flame hits you. Something hits you but does no damage.
You shoot a sling bullet. Something hits you but does no damage.
You shoot a sling bullet. Something hits you but does no damage.
Something hits you.
You shoot a sling bullet. Something hits you.
A magic dart appears from out of thin air!
The magic dart hits you!
You shoot a sling bullet.
Something hits you but does no damage. x2
You shoot a sling bullet.
Sigmund appears from thin air!
Reactivating autopickup.
Sigmund hits you from afar with a +0 scythe. x2
You die...

.#.......#.#
.#.#.#.....#
#.#
.#.#.#######
#.# .#.#.#
#.# .#.#.#
#.# .)...#
#.#
.#.######
#@#
.#......#
#.#
.######.#
#@# .# #.#
#.# ## #.#
#.#
#.########.#
#..........#
############


You could see Sigmund (fast).

Vanquished Creatures
  Grinder (D:4)
  A scorpion (D:4)
  5 adders
  2 worms
  2 dart slugs
  An orc (D:3)
  3 bats
  7 endoplasms
  2 giant cockroaches
  4 goblins
  9 hobgoblins
  2 jackals (D:3)
  7 kobolds
  3 quokkas
  6 ball pythons
  A frilled lizard (D:3)
  2 rats (D:1)
58 creatures vanquished.

Notes
Turn   | Place    | Note
-------+----------+-------------------------------------------
     0 | D:1      | qw the Minotaur Hexslinger began the quest for the Orb.
     0 | D:1      | Reached XP level 1. HP: 16/16 MP: 1/1
     0 | D:1      | 0 ||| qw: Version: 0.3-a-52-g30416fa
     0 | D:1      | 0 ||| qw: Game counter: 6413
     0 | D:1      | 0 ||| qw: Melee chars always use a shield: true
     0 | D:1      | 0 ||| qw: God list: Okawaru
     0 | D:1      | 0 ||| qw: Allow faded altars: false
     0 | D:1      | 0 ||| qw: Do Orc after clearing Dungeon:15 true
     0 | D:1      | 0 ||| qw: Do second Lair branch before Depths: true
     0 | D:1      | 0 ||| qw: Lair rune preference: random
     0 | D:1      | 0 ||| qw: Goals: Normal
     0 | D:1      | 0 ||| PLANNING D:1-11
   226 | D:1      | Found a faded altar of an unknown god.
   513 | D:1      | Reached skill level 3 in Ranged Weapons
   513 | D:1      | Reached XP level 2. HP: 23/23 MP: 2/2
   704 | D:1      | Found Xisiroub's Jewellery Shop.
   709 | D:1      | 709 ||| SHOPLISTING amulet of faith (520 gold, have 66).
   709 | D:1      | 709 ||| SHOPLISTING amulet of reflection (390 gold, have
                  | 66).
   709 | D:1      | 709 ||| SHOPLISTING ring of ice (325 gold, have 66).
   709 | D:1      | 709 ||| SHOPLISTING ring of see invisible (195 gold, have
                  | 66).
   956 | D:1      | 956 ||| UPGRADING to +2 pair of gloves.
   961 | D:1      | 961 ||| UPGRADING to +0 leather armour.
   971 | D:1      | 971 ||| DROPPING +0 robe.
   972 | D:1      | 972 ||| UPGRADING to +0 ring mail.
   982 | D:1      | 982 ||| DROPPING +0 leather armour.
   983 | D:1      | 983 ||| UPGRADING to +2 hat.
   988 | D:1      | 988 ||| DROPPING amulet of magic regeneration.
   989 | D:1      | 989 ||| READING scroll labelled XINAANNE NIHIE.
   990 | D:1      | 990 ||| READING scroll labelled OBEBYEMINI.
   991 | D:1      | 991 ||| READING scroll labelled SUHIOV EJYJ ECKO.
   995 | D:1      | 995 ||| DRINKING 2 red potions.
   996 | D:1      | 996 ||| DROPPING scroll of poison.
  1210 | D:2      | Reached XP level 3. HP: 20/29 MP: 3/3
  1506 | D:2      | 1506 ||| READING scroll labelled LOFEQO METU.
  1507 | D:2      | 1507 ||| READING scroll labelled ROINOH JIREMN.
  1508 | D:2      | 1508 ||| DRINKING 2 inky potions.
  1677 | D:3      | Reached skill level 1 in Armour
  1797 | D:3      | Reached XP level 4. HP: 36/36 MP: 4/4
  1954 | D:3      | 1954 ||| UPGRADING to +6 ring of strength.
  1955 | D:3      | 1955 ||| UPGRADING to +4 ring of protection.
  1956 | D:3      | 1956 ||| READING scroll labelled YFIUDOA RITTIRACEI.
  1957 | D:3      | 1957 ||| READING scroll labelled TECLAKK ICIAX.
  1958 | D:3      | 1958 ||| DRINKING 2 ruby potions.
  1992 | D:3      | 1992 ||| DROPPING potion of lignification.
  2212 | D:4      | Found a runed translucent gate.
  2212 | D:4      | Found a runed translucent gate.
  2212 | D:4      | Found a runed translucent gate.
  2213 | D:4      | Noticed qw's ghost (amateur MiHs)
  2346 | D:4      | Found a bloodstained altar of Trog.
  2457 | D:4      | Noticed Grinder
  2468 | D:4      | Killed Grinder
  2469 | D:4      | Reached XP level 5. HP: 36/48 MP: 5/5
  2469 | D:4      | Reached XP level 6. HP: 42/56 MP: 6/6
  2635 | D:4      | Noticed Sigmund
  2652 | D:4      | HP: 13/56 [something (6)]
  2652 | D:4      | HP: 5/56 [something/magic dart (8)]
  2654 | D:4      | Slain by Sigmund

Levels and vault maps discovered:
D:1:      dpeg_arrival_connections, layout_basic, serial_shops, shop,
          shapermc_ecumenical_altar_mp_vishouse, minmay_gold_behind_fungi
D:2:      layout_basic, guppyfry_early_lair_pool
D:3:      layout_rooms, st_stairs_14
D:4:      layout_basic, mainiacjoe_overflow_concentric_impassable,
          ebering_ghost_rock_garden, uniq_grinder, uniq_sigmund

Skill      XL: |  1  2  3  4 |
---------------+-------------+-----
Ranged Weapons | 3 4 5 |  5.4
Fighting       | 2 5 |  5.4
Armour         | 1 |  1.4
Dodging        | |  2.1
Spellcasting   | |  1.0
Hexes          | |  2.0

Action                     |  1- 3 |  4- 6 || total
---------------------------+-------+-------++-------
   Fire: Sling             |   126 |    83 ||   209
    Use: Scroll            |     5 |     2 ||     7
         Potion            |     2 |     1 ||     3
 Armour: Ring mail         |    27 |    46 ||    73
  Dodge: Dodged            |    29 |    39 ||    68

Table legend:
 A = Non-vault XP
 B = Vault XP
 C = Vault XP percentage of total XP
 D = Non-vault monster count
 E = Vault monster count
 F = Vault count percentage of total count
                 A         B        C        D         E       F
            +---------+---------+-------+---------+---------+-------
      Total |     247 |     278 |  53.0 |      56 |       2 |   3.4
            +---------+---------+-------+---------+---------+-------
        D:1 |      23 |       0 |   0.0 |      12 |       0 |   0.0
        D:2 |      37 |       0 |   0.0 |      11 |       0 |   0.0
        D:3 |      61 |       1 |   1.6 |      20 |       1 |   4.8
        D:4 |     126 |     277 |  68.7 |      13 |       1 |   7.1
            +---------+---------+-------+---------+---------+-------
